 Dungeon Crawl Stone Soup version 0.16-a0-3493-gd9d85f0 (webtiles) character file.

178 PolkaDot the Insei (level 5, -1/47 HPs)
             Began as a Draconian Monk on Jan 4, 2015.
             Succumbed to poison (a potion of poison)
             ... on level 4 of the Dungeon.
             The game lasted 00:05:55 (3012 turns).

PolkaDot the Insei (Draconian Monk)                 Turns: 3012, Time: 00:05:55

Health: -1/47      AC:  6    Str: 13    XL:     5   Next: 32%
Magic:  5/5        EV: 19    Int: 11    God:
Gold:   108        SH:  0    Dex: 19    Spells: 0 memorised, 4 levels left

rFire  + . .     SeeInvis .       - Unarmed
rCold  + . .     Clarity  .     (armour unavailable)
rNeg   . . .     SustAb   .     (no shield)
rPois  +         Gourm    .     (helmet restricted)
rElec  +         Spirit   .     w - +0 cloak
rCorr  +         Warding  .     (no gloves)
rMut   .         Stasis   .     (no boots)
MR     +....                    (no amulet)
Stlth  +++.......               (no ring)
                                j - ring of protection from magic

@: agile, lethally poisoned, about to teleport, resistant, very slightly
contaminated, invisible, somewhat resistant to hostile enchantments, fairly
stealthy
A: unfitting armour, cold-blooded, AC +5
a: no special abilities


You were on level 4 of the Dungeon.
You were not hungry.

You visited 1 branch of the dungeon, and saw 4 of its levels.

You collected 108 gold pieces.

Inventory:

Armour
 w - a +0 cloak (worn)
Jewellery
 f - an uncursed ring of flight {unknown}
 j - a ring of protection from magic (left hand)
 n - a +2 ring of evasion {unknown}
Scrolls
 c - a scroll of remove curse
 d - a scroll of teleportation
 e - 2 scrolls of fear {unknown}
 g - a scroll of amnesia {unknown}
 h - 9 scrolls of identify {unknown}
 i - a scroll of magic mapping {unknown}
 l - a scroll of random uselessness {unknown}
 v - a scroll of recharging {unknown}
Potions
 a - a potion of degeneration {!q}
 m - a potion of brilliance
Comestibles
 b - 3 bread rations
 k - 2 chunks of flesh
 p - a royal jelly
 t - a meat ration


   Skills:
 + Level 4.3 Fighting
 + Level 3.6 Dodging
 - Level 1.7 Stealth
 * Level 5.4 Unarmed Combat


You had 4 spell levels left.
You didn't know any spells.

Dungeon Overview and Level Annotations

Branches:
Dungeon (4/15)
 Temple: D:4-7

Altars:
Xom
Zin


Innate Abilities, Weirdness & Mutations

Your plain brown scales are hard (AC +5).
Your body does not fit into most forms of armour.
Your cold-blooded metabolism reacts poorly to cold.


Message History

You feel agile all of a sudden.
* * * LOW HITPOINT WARNING * * *
You feel sick.
* * * LOW HITPOINT WARNING * * *
You feel very sick.
Things that are here:
10 gold pieces; a jackal corpse Read which item? (? for menu, Esc to quit)
As you read the scroll labeled CLIOCI NIFO, it crumbles to dust.
You feel blessed for a moment.
It was a scroll of remove curse.
* * * LOW HITPOINT WARNING * * *
You feel sick.
Read which item? (? for menu, Esc to quit)
As you read the scroll labeled WEURRAAW FUUVI, it crumbles to dust.
You feel strangely unstable.
It was a scroll of teleportation.
* * * LOW HITPOINT WARNING * * *
You feel sick.
Read which item? (? for menu, Esc to quit)
Okay, then.
You die...

### #... ...#
#..### #...#
#@# #####$####
#........#
#.......>#
#........#.####
#...?.<.....$..
#..........#...
#.............
#%..........(.


There were no monsters in sight!

Vanquished Creatures
  A scorpion (D:4)
  Jessica (D:3)
  6 adders
  A giant gecko (D:2)
  An orc (D:3)
  6 bats
  15 goblins
  8 hobgoblins
  An ooze (D:4)
  4 giant cockroaches
  2 giant newts
  2 jackals (D:4)
  6 kobolds
  A quokka (D:2)
  8 rats
63 creatures vanquished.

Notes
Turn   | Place    | Note
--------------------------------------------------------------
     0 | D:1      | PolkaDot, the Draconian Monk, began the quest for the Orb.
     0 | D:1      | Reached XP level 1. HP: 19/19 MP: 1/1
   362 | D:1      | Reached XP level 2. HP: 20/26 MP: 2/2
  1284 | D:2      | Reached XP level 3. HP: 26/31 MP: 3/3
  2150 | D:2      | Reached XP level 4. HP: 32/40 MP: 4/4
  2338 | D:3      | Noticed Jessica
  2356 | D:3      | Killed Jessica
  2356 | D:3      | Reached skill level 5 in Unarmed Combat
  2478 | D:3      | Found a glowing silver altar of Zin.
  2482 | D:3      | Noticed an angel
  2589 | D:3      | Found a shimmering altar of Xom.
  3001 | D:4      | Reached XP level 5. HP: 24/47 MP: 5/5
  3010 | D:4      | HP: 2/47 [poison (a potion of poison)]
  3012 | D:4      | Succumbed to poison (a potion of poison)

Action                   |  1- 3 |  4- 6 || total
-------------------------+-------+-------++-------
Melee: Unarmed           |   147 |    62 ||   209
  Use: Potion            |     3 |     6 ||     9
       Scroll            |       |     2 ||     2
 Stab: Sleeping          |     1 |     1 ||     2
  Eat: Chunk             |     4 |     3 ||     7
